 Dungeon Crawl Stone Soup version 0.28-a0-1629-gf728b707aa (webtiles) character file.

Game seed: 679906702201902432

147 Majang the Sneak (level 5, -5/33 HPs)
             Began as a Kobold Delver on Jan 24, 2022.
             Was a Believer of Dithmenos.
             Killed by nerve-wracking pain
             ... invoked by Grinder
              (7 damage)
             ... while paralysed by Grinder
             ... on level 3 of the Dungeon.
             The game lasted 00:13:29 (2927 turns).

Majang the Sneak (Kobold Delver)                    Turns: 2927, Time: 00:13:30

Health: -5/33      AC:  7    Str: 10    XL:     5   Next: 55%
Magic:  5/5        EV:  3    Int: 11    God:    Dithmenos [**....]
Gold:   91         SH:  0    Dex: 18    Spells: 4/4 levels left

rFire   + . .      SeeInvis .   a - +0 dagger
rCold   . . .      Faith    .   (no shield)
rNeg    . . .      Spirit   .   p - +1 leather armour {rF+}
rPois   .          Reflect  .   n - +2 helmet
rElec   .          Harm     .   (no cloak)
rCorr   +          Rampage  .   (no gloves)
Will    .....                   (no boots)
Stlth   +++++.....              (no amulet)
HPRegen 0.11/turn               l - ring of resist corrosion
MPRegen 0.09/turn               (no ring)

@: paralysed, wreathed by umbra
A: small, no large weapons, nightstalker 3
a: Renounce Religion, Shadow Step


You were on level 3 of the Dungeon.
You worshipped Dithmenos.
Dithmenos was pleased with you.
You visited 2 branches of the dungeon, and saw 6 of its levels.

You collected 91 gold pieces.

Inventory:

Hand Weapons
 a - a +0 dagger (weapon)
 b - a +0 falchion
 j - a +0 short sword
Missiles
 m - 6 poisoned darts (quivered)
Armour
 n - a +2 helmet (worn)
 p - a +1 leather armour of fire resistance (worn)
Jewellery
 l - a ring of resist corrosion (left hand)
Wands
 g - a wand of digging (3)
Scrolls
 c - a scroll of fog
 d - a scroll of immolation {unknown}
 h - a scroll of identify {unknown}
 i - a scroll of blinking {unknown}
 t - a scroll of noise {unknown}
Potions
 f - a potion of haste
 o - a potion of brilliance {unknown}
 q - a potion of mutation {unknown}
 r - a potion of magic {unknown}
 s - a potion of resistance {unknown}


   Skills:
 + Level 4.1 Fighting
 + Level 5.3(5.4) Short Blades
 * Level 0.6(2.1) Long Blades
 + Level 0.6 Armour
 + Level 2.6 Dodging
 + Level 6.7 Stealth
 + Level 0.7 Invocations
 + Level 0.8 Evocations


You had 4 spell levels left.
You didn't know any spells.
Your spell library contained the following spells:

 Spells                   Type           Power      Damage    Failure   Level
 Animate Skeleton         Necr           0%         N/A       43%         1
 Pain                     Necr           0%         1d4       43%         1
 Sandblast                Erth           0%         2d4       43%         1
 Passwall                 Tmut/Erth      0%         N/A       58%         2
 Stone Arrow              Conj/Erth      0%         3d7       82%         3
 Vampiric Draining        Necr           0%         2d6       82%         3


Dungeon Overview and Level Annotations

Branches:
Dungeon (5/15)             Temple (1/1) D:4

Altars:
Ashenzari
Cheibriados
Dithmenos
Elyvilon
Fedhas
Gozag
Makhleb
Qazlal
Trog
Uskayaw
Wu Jian
Zin
The Shining One

Annotations:
D:3 Grinder


Innate Abilities, Weirdness & Mutations

You are small and have problems with some larger weapons.
You are completely attuned to the shadows.


Message History

Grinder barely misses you.
You hit Grinder.
Grinder is heavily wounded.
You hit Grinder but do no damage.
Grinder is heavily wounded.
Grinder closely misses you.
You hit Grinder.
Grinder is severely wounded.
You barely miss Grinder.
Grinder is severely wounded.
Your extra speed is starting to run out.
Grinder says, "FISH!"
Grinder hits you.
You writhe in agony.
You hit Grinder.
Grinder is severely wounded.
You hit Grinder.
Grinder is severely wounded.
Grinder closely misses you.
You hit Grinder but do no damage.
Grinder is severely wounded.
You hit Grinder but do no damage.
Grinder is severely wounded.
Grinder gestures at you.
You suddenly lose the ability to move!
Grinder says, "DUCK!"
Grinder barely misses you. Grinder hits you.
* * * LOW HITPOINT WARNING * * *
You writhe in agony.
* * * LOW HITPOINT WARNING * * *
Grinder gestures at you.
You shrug off the repeated paralysis!
You feel yourself slow down. Grinder hits you.
* * * LOW HITPOINT WARNING * * *
You writhe in agony.
* * * LOW HITPOINT WARNING * * *
Grinder gestures at you. Pain shoots through your body!
You die...

#......<......# # #.# #.#
###...#########.#.#####.# #.#
.>.#### #...............####.#
###.#####....................#
# #...........#.#####.#.######
###.#####.....#.#####.#....#
...## #.(...#.#.........†#
#### ###.###5#.###+###..# #.#
#.@.#.$..$#..# #.#
###.#...$$#..#
#.#####.#.._..#..#
.......#$.$$.#..#
#####..#!$...#..#
#..#######.## #..........#
#.....###### #######


You could see Grinder.

Vanquished Creatures
  Terence (D:3)
  4 adders
  3 worms
  4 dart slugs
  7 orcs
  9 ball pythons
  8 bats
  5 endoplasms
  2 giant cockroaches
  6 goblins
  3 hobgoblins
  A quokka (D:3)
  A frilled lizard (D:3)
  4 kobolds (D:2)
  3 rats
61 creatures vanquished.

Vanquished Creatures (others)
  3 fungi (D:2)
  A plant (D:2)
4 creatures vanquished.

Grand Total: 65 creatures vanquished

Notes
Turn   | Place    | Note
-------+----------+-------------------------------------------
     0 | D:5      | Majang the Kobold Delver began the quest for the Orb.
     0 | D:5      | Reached XP level 1. HP: 14/14 MP: 1/1
    19 | D:4      | Found a blossoming altar of Fedhas.
   108 | D:4      | Noticed a scorpion
   163 | D:4      | Found a staircase to the Ecumenical Temple.
   169 | Temple   | Entered the Ecumenical Temple
   314 | Temple   | Became a worshipper of Dithmenos the Shadowed
   490 | D:3      | Reached XP level 2. HP: 19/19 MP: 2/2
   795 | D:2      | Reached XP level 3. HP: 24/24 MP: 3/3
  1524 | D:1      | Reached * piety under Dithmenos
  1560 | D:1      | Reached XP level 4. HP: 27/29 MP: 4/4
  2044 | D:2      | Reached skill level 5 in Short Blades
  2091 | D:2      | Found a faded altar of an unknown god.
  2374 | D:2      | Reached XP level 5. HP: 32/33 MP: 5/5
  2680 | D:3      | Noticed Terence
  2683 | D:3      | Killed Terence
  2796 | D:3      | Found a stormy altar of Qazlal.
  2857 | D:3      | Found a broken altar of Ashenzari.
  2870 | D:3      | Reached ** piety under Dithmenos
  2885 | D:3      | Noticed Grinder
  2898 | D:3      | Paralysed by Grinder for 5 turns
  2922 | D:3      | Paralysed by Grinder for 6 turns
  2927 | D:3      | Killed from afar by Grinder

Illustrated notes

Levels and vault maps discovered:
D:1:      heliophobic_arrival_ceremonial_halls, layout_basic,
          minmay_misc_feat_ornament
D:2:      layout_basic, dreamdust_ecumenical_altar_grove,
          minmay_stone_trees_small
D:3:      layout_loops_ring, nicolae_qazlal_general_emergency,
          amcnicky_altar_gilded, hangedman_decor_clover_reticule,
          minmay_snake_closets, uniq_terence, uniq_grinder, uniq_robin
D:4:      layout_layer_cave, grunt_temple_overflow_open,
          mainiacjoe_overflow_cross_hatched, led_xom_imps,
          minmay_temple_entry_drinking_statues, serial_rivers,
          chequers_serial_rivers_large_a, chequers_serial_rivers_large_b,
          chequers_serial_rivers_room_a, chequers_serial_rivers_room_a,
          chequers_serial_rivers_micro_b, chequers_serial_rivers_small_b,
          uniq_duvessa
D:5:      layout_loops_ring
Temple:   zaba_magenta_temple

Skill      XL: |  1  2  3  4 |
---------------+-------------+-----
Short Blades   | 3 4 5 |  5.3
Fighting       | 4 |  4.1
Long Blades    | |  0.6
Armour         | |  0.6
Dodging        | |  2.6
Stealth        | |  6.7
Invocations    | |  0.7
Evocations     | |  0.8

Action                   |  1- 3 |  4- 6 || total
-------------------------+-------+-------++-------
Melee: Short sword       |    79 |    32 ||   111
       Falchion          |       |    67 ||    67
       Dagger            |       |    28 ||    28
  Use: Scroll            |     2 |       ||     2
       Potion            |     1 |     3 ||     4
 Stab: Sleeping          |    14 |    15 ||    29
Armor: Leather armour    |    16 |    16 ||    32
       Ring mail         |     8 |    14 ||    22
Dodge: Dodged            |    39 |    83 ||   122

Table legend: (Time is in decaauts)
 A = Elapsed time spent in this place.
 B = Non-inter-level travel time spent in this place.
 C = Inter-level travel time spent in this place.
 D = Time resting spent in this place.
 E = Time spent auto-exploring this place.
 F = Levels seen in this place.
 G = Mean time per level.
                   A        B        C        D        E       F      G
               +--------+--------+--------+--------+--------+-----+--------+
         Total |   2907 |   2881 |     26 |    432 |   1390 |   6 |  484.5 |
       Dungeon |   2746 |   2720 |     26 |    432 |   1390 |   5 |  549.2 |
        Temple |    160 |    160 |      0 |      0 |      0 |   1 |  160.0 |
               +--------+--------+--------+--------+--------+-----+--------+

Top non-repeatable levels by time:
     D:1: 990 daAuts
     D:2: 751 daAuts
     D:3: 678 daAuts
     D:4: 316 daAuts
  Temple: 160 daAuts
     D:5: 9 daAuts
